 Dungeon Crawl Stone Soup version 0.28-a0-1114-g8eb0198dcf (webtiles) character file.

Game seed: 6119941428832466293

4552 vifbvl the Covert (level 10, -11/46 HPs)
             Began as a Spriggan Enchanter on Dec 11, 2021.
             Was a Believer of Dithmenos.
             Hit by a javelin thrown by a centaur (12 damage)
             ... in a bailey.
             The game lasted 00:17:48 (11570 turns).

vifbvl the Covert (Spriggan Enchanter)             Turns: 11570, Time: 00:17:48

Health: -11/46     AC:  7    Str:  8    XL:     10   Next: 17%
Magic:  5/25       EV: 22    Int: 18    God:    Dithmenos [**....]
Gold:   457        SH:  0    Dex: 15    Spells: 22/30 levels left

rFire   + . .      SeeInvis +   c - +3 dagger (elec)
rCold   + . .      Faith    .   (shield restricted)
rNeg    . . .      Spirit   .   m - +2 steam dragon scales
rPois   .          Reflect  .   (helmet restricted)
rElec   .          Harm     .   w - scarf {rC+ rF+}
rCorr   .          Rampage  .   (gloves unavailable)
Will    +....                   (boots unavailable)
Stlth   ++++++....              (no amulet)
HPRegen 0.15/turn               i - +4 ring of slaying
MPRegen 0.19/turn               r - +4 ring of evasion

@: wreathed by umbra, very quick
A: very small, no large weapons, unfitting armour, see invisible, speed 3
a: Renounce Religion, Shadow Step


You were in a bailey.
You worshipped Dithmenos.
Dithmenos was pleased with you.
You visited 2 branches of the dungeon, and saw 10 of its levels.
You also visited: Ossuary and Bailey.

You collected 457 gold pieces.

Inventory:

Hand Weapons
 a - a +1 dagger
 c - a +3 dagger of electrocution (weapon)
 f - a +3 short sword of flaming
 o - a +1 dagger of venom
Missiles
 t - a throwing net (quivered)
Armour
 m - +2 steam dragon scales (worn)
 w - a scarf of resistance (worn)
Jewellery
 h - a ring of ice
 i - a +4 ring of slaying (left hand)
 k - a ring of wizardry
 l - a ring of positive energy
 n - a ring of ice
 r - a +4 ring of evasion (right hand)
 s - a ring of magical power
 x - a ring of protection from fire
 y - a ring of protection from cold
Wands
 p - a wand of iceblast (9)
 u - a wand of digging (7)
 v - a wand of mindburst (7)
Scrolls
 q - 6 scrolls of teleportation
Potions
 b - 3 potions of curing
 d - 2 potions of brilliance
 e - 3 potions of lignification
 g - 3 potions of berserk rage
 j - 2 potions of heal wounds
 z - a potion of magic
 A - 2 potions of might


   Skills:
 + Level 2.0 Fighting
 + Level 3.0 Short Blades
 + Level 4.4 Dodging
 + Level 12.4 Stealth
 + Level 10.5 Spellcasting
 + Level 10.7 Hexes


You had 22 spell levels left.
You knew the following spells:

 Your Spells              Type           Power      Damage    Failure   Level
a - Ensorcelled Hibernat  Hex/Ice        56%        N/A       1%          2
b - Tukima's Dance        Hex            48%        N/A       1%          3
c - Dazzling Flash        Conj/Hex       56%        N/A       2%          3

Your spell library contained the following spells:

 Spells                   Type           Power      Damage    Failure   Level
 Slow                     Hex            100%       N/A       1%          1
 Confusing Touch          Hex            48%        N/A       1%          3
 Beastly Appendage        Tmut           18%        N/A       8%          1
 Wereblood                Tmut           9%         N/A       12%         2
 Spider Form              Tmut/Pois      9%         N/A       22%         3
 Vampiric Draining        Necr           9%         2d6       22%         3


Dungeon Overview and Level Annotations

Branches:
Dungeon (9/15)             Temple (1/1) D:6         Ossuary (visited)
 Bailey (1/1)
   Lair: D:8-11         Orc: D:9-12

Altars:
Ashenzari
Cheibriados
Dithmenos
Fedhas
Gozag
Hepliaklqana
Kikubaaqudgha
Makhleb
Nemelex Xobeh
Okawaru
Qazlal
Ru
Trog
Vehumet
Wu Jian
Zin

Annotations:
D:7 4 runed translucent doors


Innate Abilities, Weirdness & Mutations

You are very small and have problems with some larger weapons.
You are too small for most types of armour.
You have supernaturally acute eyesight. (SInv)
You cover ground extremely quickly. (Speed+++)


Message History

Aim: an orc, wielding a +0 trident and wearing a +0 scale mail (chance to affect: 84%)
The +0 trident dances into the air!
Unknown command.
Casting: Tukima's Dance (safe; 1% risk of failure)
Confirm with . or Enter, or press ? or * to list all spells.
Aiming: Tukima's Dance (safe; 1% risk of failure)
Press: ? - help, Shift-Dir - straight line, f - orc, p - orc
Aim: an orc, wielding a +0 spear and wearing a +0 chain mail (chance to affect: 84%)
The +0 spear dances into the air!
The centaur throws a javelin.
The javelin closely misses your +0 spear.
The javelin misses you.
The centaur throws a javelin.
The javelin barely misses you.
The centaur hits your +0 spear.
The centaur kicks your +0 spear.
The orc barely misses your +0 spear.
The centaur throws a javelin.
The javelin pierces through you but does no damage.
Casting: Tukima's Dance (safe; 1% risk of failure)
Confirm with . or Enter, or press ? or * to list all spells.
Aiming: Tukima's Dance (safe; 1% risk of failure)
Press: ? - help, Shift-Dir - straight line, f - orc, p - orc
Aim: an orc, wielding a +0 trident and wearing a +0 ring mail (chance to affect: 84%)
The orc barely resists.
The centaur throws a javelin.
The javelin barely misses your +0 spear.
The javelin pierces through you!
* * * LOW HITPOINT WARNING * * *
Your +0 trident hits the orc from afar.
The centaur throws a javelin.
The javelin pierces through you!
* * * LOW HITPOINT WARNING * * *
The orc barely misses your +0 spear.
The orc closely misses your +0 spear.
Casting: Tukima's Dance (safe; 1% risk of failure)
Confirm with . or Enter, or press ? or * to list all spells.
Aiming: Tukima's Dance (safe; 1% risk of failure)
Press: ? - help, Shift-Dir - straight line, f/p - orc
Aim: an orc, wielding a +0 trident and wearing a +0 ring mail (chance to affect: 84%)
The +0 trident dances into the air!
The centaur throws a javelin.
The javelin pierces through your +0 spear!
Your +0 spear falls from the air.
You hear a splash.
The javelin pierces through your +0 trident!
The javelin pierces through you!
You die...

#....≈≈≈≈≈....#
.⌠.≈≈≈...≈≈≈.⌠.
.o≈≈..≈)≈..≈≈..
.≈≈.≈≈≈o≈≈≈.≈≈.
.≈.≈≈.oco.≈≈.≈.
≈≈o≈.≈≈≈≈≈.≈.≈≈
≈.≈≈.≈.(.≈.≈≈.≈
≈.≈o≈≈.@.≈≈.≈o≈
≈.≈(≈.⌠∩⌠.≈.≈o≈
≈.≈.≈..∩..≈.≈.≈
≈.≈.≈.⌠∩⌠.≈.≈.≈
≈.≈.≈≈...≈≈.≈.≈
≈.≈≈.≈...≈.≈≈.≈
≈≈.≈.≈≈.≈≈.≈c≈≈
.≈.≈≈.≈.≈.≈≈.≈.
....≈≈...≈≈....


You could see 2 centaurs, 8 orcs and 2 friendly dancing weapons.

Vanquished Creatures
  Maggie (D:7)
  A hornet (D:9)
  Prince Ribbit (D:7)
  A wraith (D:9)
  A wyvern (D:6)
  4 water moccasins
  An ice beast (D:6)
  3 orc warriors
  2 black bears
  A hornet zombie (D:7)
  2 ogres
  2 wyvern zombies (D:7)
  4 bullfrogs
  3 scorpions
  A gnoll sergeant (D:6)
  5 wights (D:7)
  2 centaur zombies
  2 howler monkeys (D:8)
  A bullfrog zombie (D:5)
  2 hounds
  2 orc priests (D:8)
  5 jellies
  2 bullfrog skeletons
  2 iguanas
  6 orc wizards
  A killer bee zombie (D:7)
  A hound skeleton (D:4)
  13 mummies (Ossuary)
  A howler monkey zombie (D:8)
  Robin (D:2)
  A howler monkey skeleton (D:4)
  3 adders
  8 gnolls
  A shadow imp (D:5)
  2 ufetubi
  5 dart slugs
  25 orcs
  7 ball pythons
  3 bats
  4 endoplasms
  A giant cockroach (D:2)
  17 goblins
  7 hobgoblins
  5 jackals
  9 kobolds
  4 frilled lizards
  7 kobold skeletons (Ossuary)
  An orc skeleton (Ossuary)
  8 rats
  11 rat skeletons (Ossuary)
203 creatures vanquished.

Vanquished Creatures (collateral kills)
  An orc warrior (D:8)
  A kobold brigand (D:6)
  3 wights (D:7)
  An orc wizard (D:3)
  3 orcs
  A kobold (D:6)
10 creatures vanquished.

Vanquished Creatures (others)
  8 dancing weapons
  A goblin (D:2)
9 creatures vanquished.

Grand Total: 222 creatures vanquished

Notes
Turn   | Place    | Note
-------+----------+-------------------------------------------
     0 | D:1      | vifbvl the Spriggan Enchanter began the quest for the Orb.
     0 | D:1      | Reached XP level 1. HP: 9/9 MP: 5/5
   255 | D:1      | Reached XP level 2. HP: 13/13 MP: 7/7
   258 | D:1      | Learned a level 2 spell: Ensorcelled Hibernation
   926 | D:2      | Noticed Robin
   954 | D:2      | Reached XP level 3. HP: 11/16 MP: 1/9
  1159 | D:2      | Killed Robin
  1346 | D:2      | Found a faded altar of an unknown god.
  2084 | D:2      | Learned a level 3 spell: Tukima's Dance
  2088 | D:2      | Learned a level 3 spell: Dazzling Flash
  2178 | D:2      | Reached XP level 4. HP: 21/21 MP: 11/11
  2642 | D:3      | Reached skill level 5 in Hexes
  2904 | D:3      | Found a radiant altar of Vehumet.
  3815 | D:3      | Reached skill level 5 in Spellcasting
  3815 | D:3      | Reached XP level 5. HP: 17/24 MP: 5/13
  4252 | D:4      | Reached skill level 5 in Stealth
  4574 | D:4      | Noticed an ogre
  4589 | D:4      | Reached XP level 6. HP: 28/28 MP: 7/15
  4743 | D:4      | Found an ancient bone altar of Kikubaaqudgha.
  4778 | D:5      | Entered Level 5 of the Dungeon
  4784 | D:5      | Reached skill level 6 in Stealth
  5030 | D:5      | Reached XP level 7. HP: 20/32 MP: 10/17
  5461 | D:5      | Found a bloodstained altar of Trog.
  5722 | D:5      | Identified the +1 ring mail "Ellowk" {*Corrode rPois rF+
                  | MP+9}
  6228 | D:6      | Reached skill level 7 in Stealth
  6429 | D:6      | Found a sparkling altar of Nemelex Xobeh.
  6482 | D:6      | Found an iron altar of Okawaru.
  6505 | D:6      | Reached skill level 8 in Stealth
  6505 | D:6      | Reached XP level 8. HP: 21/36 MP: 7/20
  6909 | D:6      | Reached skill level 9 in Stealth
  7194 | D:6      | Found a staircase to the Ecumenical Temple.
  7220 | Temple   | Entered the Ecumenical Temple
  7250 | Temple   | Became a worshipper of Dithmenos the Shadowed
  7861 | D:7      | Reached skill level 10 in Stealth
  7862 | D:7      | Found a huge runed translucent gate.
  7862 | D:7      | Found a huge runed translucent gate.
  7862 | D:7      | Found a huge runed translucent gate.
  7862 | D:7      | Found a huge runed translucent gate.
  7862 | D:7      | Noticed a manticore
  7862 | D:7      | Noticed a polar bear
  7862 | D:7      | Noticed a polar bear
  7862 | D:7      | Noticed a polar bear
  8354 | D:7      | Noticed Maggie
  8399 | D:7      | Killed Maggie
  8400 | D:7      | Reached XP level 9. HP: 5/39 MP: 14/23
  8924 | D:7      | Noticed Prince Ribbit
  8946 | D:7      | Killed Prince Ribbit
  8947 | D:7      | Reached skill level 11 in Stealth
  9147 | D:7      | Reached skill level 10 in Hexes
  9463 | D:7      | Reached skill level 10 in Spellcasting
  9799 | D:8      | Found a broken altar of Ashenzari.
  9985 | D:8      | Reached skill level 1 in Fighting
  9985 | D:8      | Reached skill level 12 in Stealth
 10235 | D:8      | Reached * piety under Dithmenos
 10286 | D:8      | Found a sand-covered staircase.
 10299 | Ossuary  | Entered an ossuary
 10832 | D:8      | Reached ** piety under Dithmenos
 11156 | D:8      | Reached XP level 10. HP: 46/46 MP: 25/25
 11529 | D:9      | Found a flagged portal.
 11561 | Bailey   | Entered a bailey
 11569 | Bailey   | HP: 1/46 [centaur/javelin (9)]
 11570 | Bailey   | Hit by a javelin thrown by a centaur

Illustrated notes

Levels and vault maps discovered:
D:1:      tarquinn_simple_flora_water_f, layout_loops_ring
D:2:      layout_loops_corners, hellmonk_ecumenical_altar_crossroads,
          minivault_11, uniq_robin
D:3:      layout_basic, nicolae_vehumet_altar_sigil, minmay_misc_feat_iff
D:4:      layout_gridville, kiku_gazebo_pond_becter
D:5:      layout_loops_ring, trog_hazing_becter
D:6:      layout_loops_ring, mainiacjoe_overflow_brackets,
          general_overflow_altar, minmay_temple_entry_trees
D:7:      lemuel_bear_cage, layout_basic, kennysheep_cluttered_room,
          minmay_misc_feat_pillars, uniq_maggie, uniq_prince_ribbit1
D:8:      layout_gridville, marbit_many_paths, nicolae_ossuary_entry_monument
D:9:      layout_rooms, enter_bailey_5
Temple:   nicolae_temple_elliptical
Bailey:   bailey_polearm_flooded_kennysheep, bailey

Skill      XL: |  1  2  3  4  5  6  7  8  9 10 |
---------------+-------------------------------+-----
Spellcasting   | 3 4 5 6 7 9 10 | 10.5
Hexes          | 4 5 6 7 9 10 | 10.7
Stealth        | 5 6 8 10 12 | 12.4
Dodging        | 4 |  4.4
Short Blades   | 2 3 |  3.0
Fighting       | 1 2 |  2.0

Action                   |  1- 3 |  4- 6 |  7- 9 | 10-12 || total
-------------------------+-------+-------+-------+-------++-------
Melee: Dagger            |   128 |    89 |   308 |    35 ||   560
 Cast: Ensorcelled Hiber |     9 |    18 |    28 |     4 ||    59
       Tukima's Dance    |       |     3 |    17 |    10 ||    30
       Dazzling Flash    |       |       |     2 |       ||     2
Evoke: Wand              |       |       |     5 |       ||     5
  Use: Scroll            |     3 |     2 |    12 |       ||    17
       Potion            |     1 |     2 |     7 |       ||    10
 Stab: Sleeping          |    20 |    15 |    44 |     3 ||    82
       Invisible         |     6 |       |     2 |       ||     8
Armor: Robe              |     6 |     2 |    10 |       ||    18
       Skin              |       |       |    16 |       ||    16
       Steam dragon scal |       |       |    11 |     4 ||    15
Dodge: Dodged            |    85 |    63 |   227 |    65 ||   440

Table legend: (Time is in decaauts)
 A = Elapsed time spent in this place.
 B = Non-inter-level travel time spent in this place.
 C = Inter-level travel time spent in this place.
 D = Time resting spent in this place.
 E = Time spent auto-exploring this place.
 F = Levels seen in this place.
 G = Mean time per level.
                   A        B        C        D        E       F      G
               +--------+--------+--------+--------+--------+-----+--------+
         Total |   9156 |   9019 |    137 |   1151 |   6375 |  12 |  763.0 |
       Dungeon |   8752 |   8626 |    126 |   1151 |   6134 |   9 |  972.4 |
        Temple |     31 |     20 |     11 |      0 |      7 |   1 |   31.0 |
       Ossuary |    364 |    364 |      0 |      0 |    233 |   1 |  364.0 |
        Bailey |      8 |      8 |      0 |      0 |      0 |   1 |    8.0 |
               +--------+--------+--------+--------+--------+-----+--------+

Top non-repeatable levels by time:
     D:7: 1610 daAuts
     D:6: 1286 daAuts
     D:2: 1284 daAuts
     D:5: 1153 daAuts
     D:1: 863 daAuts
     D:3: 847 daAuts
     D:8: 837 daAuts
     D:4: 710 daAuts
 Ossuary: 364 daAuts
     D:9: 159 daAuts
  Temple: 31 daAuts
  Bailey: 8 daAuts
